cohdb
Replays
Latest Replays
All Replays
Popular Replays
Top Player Replays
Match Explorer
How It Works
Community
CoH3 Stats
Reddit
Sign in to upload your games and track your stats! →
Sign in with Steam
Match 43639764
Unlisted
Match 43639764
Overview
Messages
Build Orders
End
Kradschützen Motorcycle Team
Selects Italian Infantry
Selects Italian Infantry
Panzergrenadier Squad
250 Light Carrier
Construct Light Support Kompanie
MG34 Team
2.5-tonne Medical Truck
Fire Support Elements
le.IG 18 Mechanized Group
Selects Guastatori Squad
Guastatori Squad
Panzerjäger Squad
Guastatori Squad
Selects Registered Artillery
Construct Panzerarmee Kommand
Armored Reserves
Selects Defensive Operations
Selects Territory Booby Traps
Registered Artillery
Registered Artillery
Selects Obice 305mm Barrage
Tiger Heavy Tank
Registered Artillery
Selects Towed Cannone da 105/28 Field Howitzer
Obice 305mm Barrage
Gangil
robwarrior
0
0
Comments
sign in to comment!
No comments posted yet!